 Dungeon Crawl Stone Soup version 0.25-a0-443-gece2dee8bd (webtiles) character file.

Game seed: 1518288256615847340, levelgen mode: deterministic

406155 LSt the Hellbinder (level 22, -9/99 HPs)
             Began as a Felid Enchanter on Jan 27, 2020.
             Was the Champion of Dithmenos.
             Mangled by a reaper
             ... wielding a +0 vampiric scythe
              (33 damage)
             ... in the Vestibule of Hell on Jan 30, 2020.
             The game lasted 16:26:44 (126164 turns).

LSt the Hellbinder (Felid Enchanter)              Turns: 126164, Time: 16:26:46

Health: -9/99      AC:  7    Str:  6      XL:     22   Next: 6%
Magic:  5/39       EV: 33    Int: 29      God:    Dithmenos [******]
Gold:   7812       SH:  0    Dex: 19 (20) Spells: 1/45 levels left
                                        Lives:  0   Deaths: 6

rFire    . . .     SeeInvis +     - Unarmed
rCold    + + .     Gourm    .   (shield unavailable)
rNeg     . . .     Faith    .   (armour unavailable)
rPois    .         Spirit   .   (helmet unavailable)
rElec    .         Reflect  .   (cloak unavailable)
rCorr    .         Harm     .   (gloves unavailable)
MR       +++..                  (boots unavailable)
Stlth    ++++++++++             z - amulet of regeneration
HPRegen  0.00/turn              I - ring "Gofilach" {AC+4 Int+4}
MPRegen  0.26/turn              B - ring "Cetraeps" {rC+ Str+2 Int+4 Dex-2}

@: dragon's call, very slightly contaminated, slowed, wreathed by umbra,
invisible, slow
A: very small, no armour, no weapons or thrown items, stealth, claws 1, fangs 3,
camouflage 1, see invisible, carnivore, deterioration 1, speed 1, shaggy fur 3,
inhibited regeneration, slow metabolism 1, sharp paws
}: 3/15 runes: decaying, slimy, gossamer
a: Shadow Step, Shadow Form, Renounce Religion


You were in the Vestibule of Hell.
You worshipped Dithmenos.
Dithmenos was exalted by your worship.
You were very hungry.

You visited 12 branches of the dungeon, and saw 53 of its levels.
You also visited: Ice Cave.

You collected 8249 gold pieces.
You spent 437 gold pieces at shops.

Inventory:

Jewellery
 g - an uncursed ring of positive energy
 u - an uncursed ring of resist corrosion
 z - an amulet of regeneration (around neck)
 A - an uncursed ring of protection from fire
 B - the ring "Cetraeps" (right paw) {rC+ Str+2 Int+4 Dex-2}
   (You found it on level 3 of the Swamp)

   [ring of strength]

   It affects your strength (+2).
   It affects your intelligence (+4).
   It affects your dexterity (-2).
   It protects you from cold.
 C - a +3 ring of strength
 F - the ring of Vaomaf {rElec rF+ Int-2 Dex+4}
   (You took it off an orc warrior on level 10 of the Dungeon)

   [ring of dexterity]

   It affects your intelligence (-2).
   It affects your dexterity (+4).
   It protects you from fire.
   It insulates you from electricity.
 G - the ring "Pobrochi" {rC+ rN+ Dex+6 Stlth-}
   (You took it off an orc on level 10 of the Dungeon)

   [ring of protection from cold]

   It affects your dexterity (+6).
   It protects you from cold.
   It protects you from negative energy.
   It makes you less stealthy.
 H - the ring "Ceecum" {rPois rF- Int+5 Dex+3}
   (You found it on level 10 of the Dungeon)

   [ring of dexterity]

   It affects your intelligence (+5).
   It affects your dexterity (+3).
   It makes you vulnerable to fire.
   It protects you from poison.
 I - the ring "Gofilach" (left paw) {AC+4 Int+4}
   (You found it on level 10 of the Dungeon)

   [ring of protection]

   It affects your AC (+4).
   It affects your intelligence (+4).
 M - an uncursed ring of protection from magic
 U - an uncursed amulet of magic regeneration
 Y - the ring "Orchai" {+Fly rPois}
   (You acquired it on level 3 of the Depths)

   [ring of flight]

   It protects you from poison.
   It lets you fly.
Wands
 c - a wand of enslavement (14)
 D - a wand of polymorph (43)
 E - a wand of acid (11)
 Q - a wand of iceblast (51)
 S - a wand of disintegration (43)
 T - a wand of digging (2)
Scrolls
 e - 5 scrolls of immolation
 f - 3 scrolls of fog
 h - 2 scrolls of vulnerability
 j - 24 scrolls of remove curse
 p - 3 scrolls of amnesia
 r - 14 scrolls of teleportation
 L - 30 scrolls of identify
 N - 3 scrolls of summoning
 P - 6 scrolls of magic mapping
 R - 6 scrolls of fear
 W - 2 scrolls of torment
 X - a scroll of holy word
Potions
 a - 4 potions of flight
 d - 6 potions of brilliance
 i - 5 potions of ambrosia
 l - a potion of heal wounds
 m - 3 potions of resistance
 n - 3 potions of mutation
 o - 8 potions of haste
 q - 13 potions of curing
 s - 5 potions of invisibility
 t - 4 potions of magic
 v - 3 potions of might
 w - 9 potions of agility
 O - 7 potions of lignification
 Z - a potion of cancellation
Miscellaneous
 k - 2 sacks of spiders
 x - a lightning rod (4/4)
 y - 3 phantom mirrors
 K - a lamp of fire
 V - a phial of floods
Comestibles
 b - 45 rations


   Skills:
 - Level 11.7 Fighting
 - Level 16.8 Dodging
 - Level 21.7 Stealth
 - Level 12.8 Unarmed Combat
 + Level 12.3 Spellcasting
 - Level 23.6 Hexes
 O Level 27 Summonings
 - Level 2.6 Translocations
 - Level 2.0 Transmutations
 - Level 1.0 Ice Magic
 - Level 1.2 Air Magic
 - Level 1.0 Earth Magic
 - Level 4.0 Invocations


You had one spell level left.
You knew the following spells:

 Your Spells              Type           Power        Failure   Level  Hunger
a - Corona                Hex            #######      0%          1    None
b - Ensorcelled Hibernat  Hex/Ice        ######       1%          2    None
c - Dragon's Call         Summ           ########..   4%          9    #######
d - Confusing Touch       Hex            ########     0%          3    None
e - Discord               Hex            ########..   1%          8    #######
f - Passwall              Tmut/Erth      ####....     2%          2    None
g - Shadow Creatures      Summ           N/A          0%          6    ####...
h - Silence               Hex/Air        ######....   1%          5    ##.....
i - Invisibility          Hex            ########     1%          6    ####...
k - Blink                 Tloc           N/A          1%          2    None

Your spell library contained the following spells:

 Spells                   Type           Power        Failure   Level  Hunger
 Summon Butterflies       Summ           ########     0%          1    None
 Summon Small Mammal      Summ           ####         0%          1    None
 Apportation              Tloc           ####..       1%          1    None
 Beastly Appendage        Tmut           ####..       1%          1    None
 Freeze                   Ice            ###.         1%          1    None
 Sandblast                Erth           ###...       1%          1    None
 Sting                    Tmut/Pois      ###.         1%          1    None
 Shock                    Conj/Air       ###.         2%          1    None
 Animate Skeleton         Necr           N/A          3%          1    None
 Foxfire                  Conj/Fire      ###.         3%          1    None
 Magic Dart               Conj           ###.         3%          1    None
 Pain                     Necr           ###.         3%          1    None
 Call Imp                 Summ           ########     0%          2    None
 Slow                     Hex            ########     0%          2    None
 Call Canine Familiar     Summ           ########     0%          3    None
 Summon Guardian Golem    Hex/Summ       ########     0%          3    None
 Tukima's Dance           Hex            ########     0%          3    None
 Cause Fear               Hex            ########..   0%          4    None
 Aura of Abjuration       Summ           ########..   0%          5    ##.....
 Summon Demon             Summ           ########..   0%          5    ##.....
 Summon Mana Viper        Hex/Summ       ########     0%          5    ##.....
 Sticks to Snakes         Tmut           ####....     1%          2    None
 Dazzling Flash           Conj/Hex       ######       1%          3    None
 Inner Flame              Hex/Fire       ######..     1%          3    None
 Recall                   Summ/Tloc      N/A          1%          3    None
 Fulminant Prism          Conj/Hex       ######....   1%          4    None
 Leda's Liquefaction      Hex/Erth       ######....   1%          4    None
 Summon Ice Beast         Ice/Summ       #######.     1%          4    None
 Summon Lightning Spire   Summ/Air       #######.     1%          4    None
 Metabolic Englaciation   Hex/Ice        ######....   1%          5    ##.....
 Summon Forest            Summ/Tloc      #######...   1%          5    ##.....
 Yara's Violent Unravell  Hex/Tmut       #######...   1%          5    ##.....
 Darkness                 Hex            ########..   1%          6    ####...
 Shroud of Golubria       Chrm/Tloc      ####..       2%          2    None
 Corpse Rot               Necr/Air       N/A          3%          2    None
 Poisonous Vapours        Pois/Air       ###...       3%          2    None
 Swiftness                Chrm/Air       ###.....     3%          2    None
 Gell's Gravitas          Tloc           ####......   3%          3    None
 Lesser Beckoning         Tloc           ####......   3%          3    None
 Teleport Other           Tloc           ####....     3%          3    None
 Spider Form              Tmut/Pois      ###.......   6%          3    None
 Ignite Poison            Fire/Tmut/Pois ###.....     7%          3    None
 Ozocubu's Armour         Chrm/Ice       ###.....     7%          3    None
 Static Discharge         Conj/Air       ###.....     7%          3    None
 Stone Arrow              Conj/Erth      ###...       7%          3    None
 Mephitic Cloud           Conj/Pois/Air  ###.....     8%          3    None
 Conjure Flame            Conj/Fire      ###.....     9%          3    None
 Vampiric Draining        Necr           ###.......   9%          3    None
 Passage of Golubria      Tloc           N/A          10%         4    None
 Ice Form                 Ice/Tmut       ####....     16%         4    None
 Petrify                  Tmut/Erth      ####....     16%         4    None
 Airstrike                Air            ####......   17%         4    None
 Iskenderun's Mystic Bla  Conj/Tloc      ####....     17%         4    None
 Hailstorm                Conj/Ice       ###.....     24%         4    None
 Animate Dead             Necr           N/A          28%         4    None
 Olgreb's Toxic Radiance  Pois           ###.....     28%         4    None
 Sticky Flame             Conj/Fire      ###.....     28%         4    None
 Blade Hands              Tmut           ####......   34%         5    ##.....
 Alistair's Intoxication  Tmut/Pois      ###.....     47%         5    ##.....
 Lee's Rapid Deconstruct  Erth           ###.......   47%         5    ##.....
 Borgnjor's Vile Clutch   Necr/Erth      ###.......   54%         5    ##.....
 Lightning Bolt           Conj/Air       ###.......   54%         5    ##.....
 Agony                    Necr           ###.....     63%         5    ##.....
 Statue Form              Tmut/Erth      ####.....    94%         6    ####...
 Ozocubu's Refrigeration  Ice            ###.......   96%         6    ####...
 Freezing Cloud           Conj/Ice/Air   ###.......   97%         6    ####...
 Conjure Ball Lightning   Conj/Air       ###.......   98%         6    ####...
 Deflect Missiles         Chrm/Air       ###.......   98%         6    ####...
 Simulacrum               Ice/Necr       ###.......   98%         6    ####...
 Dragon Form              Tmut           ####......   100%        7    ######.
 Ignition                 Fire           ###.......   100%        8    #######
 Shatter                  Erth           ###.......   100%        9    #######
 Tornado                  Air            ####......   100%        9    #######
 Portal Projectile        Hex/Tloc       Unusable     N/A         3    N/A
 Excruciating Wounds      Chrm/Necr      Unusable     N/A         5    N/A

Dungeon Overview and Level Annotations

Branches:
Dungeon (15/15)            Temple (1/1) D:6            Lair (6/6) D:11
  Swamp (4/4) Lair:4       Spider (4/4) Lair:2        Slime (5/5) Lair:6
    Orc (2/2) D:12            Elf (3/3) Orc:2        Vaults (4/5) D:14
  Crypt (3/3) Vaults:2       Tomb (0/3) Crypt:3      Depths (5/5) D:15
   Hell (1/1)                 Zot (0/5) Depths:5      IceCv (visited)
    Dis: Hell:1         Geh: Hell:1         Coc: Hell:1         Tar: Hell:1

Altars:
Ashenzari
Cheibriados
Dithmenos
Elyvilon
Fedhas
Gozag
Hepliaklqana
Kikubaaqudgha
Makhleb
Nemelex Xobeh
Okawaru
Qazlal
Ru
Sif Muna
Trog
Uskayaw
Vehumet
Wu Jian
Xom
Yredelemnul
Zin
The Shining One
Beogh
Jiyva

Shops:
D:7 }   D:9 *   D:10 *   D:15 [   Orc:2 **[(   Elf:1 }(([   Elf:3 ![
Vaults:1 :   Vaults:2 %   Vaults:3 *%}*   Depths:2 *

Portals:
Hell: Depths:1 Depths:2 Depths:3 Depths:4 Depths:5
Abyss: Depths:4
Pandemonium: Depths:2 Depths:3
Ziggurat: Depths:4

Annotations:
Hell exclusion: 2 ice statues, Geryon


Innate Abilities, Weirdness & Mutations

You cannot wear armour.
You are incapable of wielding weapons or throwing items.
Your paws allow you to move quietly. (Stealth)
You have sharp claws.
You have razor-sharp teeth.
You have supernaturally acute eyesight. (SInv)
You are carnivorous and can eat meat at any time.
You cover ground quickly.
Your thick and shaggy fur keeps you warm. (AC +3, rC+)
You have a slow metabolism.
Your sharp claws are effective at attacking unaware monsters.
Your skin changes colour to match your surroundings (Stealth+).
Your body sometimes deteriorates upon taking damage.
You do not regenerate when monsters are visible.


Message History

Your hell rat's corpse dissolves into shadows!
The rust devil hits your storm dragon!
The rust devil corrodes your storm dragon!
Your hell hound closely misses the freezing wraith.
Your hell hound bites the sun demon.
The sun demon hits your hell rat!
Your hell rat is engulfed in flames!!
Your hell rat dies!
Your hell rat's corpse dissolves into shadows!
The smoke demon gestures at you.
The ball of steam hits your fire dragon!
Your fire dragon resists.
The ball of steam hits the rust devil.
The rust devil completely resists.
The ball of steam hits the freezing wraith!!
The freezing wraith hits your hell hound!
The freezing wraith freezes your hell hound!!
Your hell hound is frozen!
Your hell hound dies!
Your hell hound's corpse dissolves into shadows!
The reaper hits you from afar with a +0 vampiric scythe!!
You die...

.............#............○
...........#..2#Z........E.
............ #.D&Z.......3≈
8........#.#.#.#.#...4...≈.
.........Z.. #.ZZ§.......#
........#3### ###2#2§§...≈#
.........h3.###..§§§§§...≈#
8.......r#§#.#.#.#DZD§...§.
........rh@WD#...D23§§3..§§
.........r4#4D5#.§§D§..D.4§
.........42§.#3D.).D.......
..............5.D..........
...........................
...........................
...........................
..........................
........................


You could see a reaper, 2 sun demons, an ice devil (unaware), 2 rust devils, a
freezing wraith (unaware), an ettin zombie (wandering), a friendly storm dragon,
a friendly fire dragon, 2 friendly hell hounds and 3 friendly hell rats.

Vanquished Creatures
  Sojobo (Depths:2)
  The ghost of Ywuol the Warrior, a veteran GrFi of the Shining One (Crypt:1)
  Saint Roka (Crypt:3)
  2 caustic shrikes (Depths:3)
  Xtahua (Vaults:3)
  2 golden dragons (Depths:5)
  A profane servitor (Crypt:3)
  A tentacled monstrosity (Vaults:4)
  Asterion (Depths:2)
  3 liches
  Frances (Elf:1)
  6 acid blobs
  A quicksilver dragon (Depths:4)
  A sphinx (Depths:3)
  2 ancient champions
  Kirke (Spider:1)
  A shadow dragon (Vaults:4)
  4 tengu reavers
  2 storm dragons
  Donald (Spider:1)
  The ghost of dricus the Warrior, an adept KoBe of Trog (Swamp:2)
  6 azure jellies
  7 fire giants
  5 deep elf sorcerers
  5 ghost moths (Spider:4)
  A cacodemon (Depths:3)
  Aizul (Vaults:3)
  5 frost giants
  6 ironheart preservers
  A deep elf elementalist (Elf:3)
  9 ghouls (Crypt:3)
  3 vault wardens
  6 emperor scorpions
  3 spriggan defenders
  A draconian stormcaller (Depths:5)
  A juggernaut skeleton (Crypt:1)
  5 entropy weavers
  38 very ugly things
  16 stone giants
  3 deep elf demonologists
  A vampire knight (Crypt:2)
  2 green draconians (Swamp:3)
  9 deep elf annihilators
  7 spark wasps
  2 dire elephants (Lair:6)
  3 yellow draconians (Depths:5)
  A white draconian (Depths:5)
  An eidolon (Crypt:1)
  11 ettins
  Snorg (Lair:3)
  4 deep elf death magi
  A death ooze (Slime:5)
  10 yaktaur captains
  9 fire dragons
  2 jiangshi (Crypt:1)
  A deep elf high priest (Elf:3)
  5 vault guards
  A rakshasa (D:14)
  25 hydras
  19 ice dragons
  4 ogre magi
  11 great orbs of eyes
  A spriggan air mage (Depths:5)
  2 ghost crabs (Swamp:3)
  3 death knights (Crypt:3)
  Erica (Lair:1)
  10 centaur warriors
  3 catoblepae
  27 two-headed ogres
  3 shambling mangroves
  7 deep troll shamans
  15 alligators
  6 vampire magi
  A tengu warrior (Depths:4)
  15 death yaks
  5 deep troll earth magi
  A titan zombie (Crypt:3)
  33 dancing weapons
  4 spriggan berserkers
  18 deep elf knights
  An orc high priest (Orc:2)
  Sonja (Lair:3)
  Urug (Lair:3)
  22 skeletal warriors
  A fire crab (shapeshifter) (Vaults:1)
  2 iron trolls
  A death drake (Swamp:2)
  3 glowing orange brains
  An infernal demonspawn (Depths:3)
  3 hell knights
  A golden dragon zombie (Depths:3)
  20 deep trolls
  2 spriggan druids
  19 deep elf archers
  5 wizards
  8 swamp dragons
  6 flayed ghosts
  4 unseen horrors
  15 orc knights
  A tengu zombie (Depths:3)
  3 iron dragon zombies (Crypt:3)
  4 necromancers
  8 phantasmal warriors
  65 deep elf magi
  12 ironbrand convokers
  3 lindwurms (Lair:6)
  2 wolf spider zombies (Crypt:3)
  A fire giant zombie (Depths:3)
  45 ugly things
  A wolf spider (shapeshifter) (Depths:3)
  2 frost giant zombies
  18 orb spiders
  7 orc sorcerers
  A large abomination (Swamp:2)
  34 wolf spiders
  A salamander (Lair:4)
  13 elephants
  11 cyclopes
  2 centaur zombies
  6 manticores
  2 black mambas
  A guardian serpent (shapeshifter) (D:14)
  A rust devil (Depths:3)
  7 vault sentinels
  An eye of devastation (Lair:6)
  A water nymph (shapeshifter) (Elf:2)
  The ghost of Elellon the Thaumaturge, a novice DECj (D:5)
  A torpor snail (Lair:6)
  A spiny frog (shapeshifter) (Vaults:4)
  2 gargoyles
  A smoke demon (Depths:3)
  18 spiny frogs
  An ice statue (IceCv)
  A spriggan skeleton (Depths:3)
  A shock serpent skeleton (Crypt:2)
  5 rime drakes
  29 yaktaurs
  5 kobold demonologists (D:13)
  4 swamp worm zombies
  A catoblepas skeleton (Crypt:2)
  11 freezing wraiths
  3 ice devils
  10 komodo dragons
  11 demonic crawlers
  6 tengu conjurers
  2 meliai (shapeshifter) (Depths:1)
  A red devil (Depths:3)
  An iron troll skeleton (Crypt:1)
  8 trolls
  35 jumping spiders
  A tyrant leech (shapeshifter) (Vaults:2)
  A polar bear (shapeshifter) (D:15)
  18 polar bears
  A wolf spider simulacrum (D:14)
  A guardian serpent zombie (Crypt:2)
  A sphinx simulacrum (Depths:3)
  105 slime creatures
  15 tyrant leeches
  2 dream sheep (Lair:6)
  3 blink frogs (shapeshifter)
  An ettin zombie (Crypt:3)
  9 hippogriffs
  An alligator zombie (Swamp:2)
  4 blink frogs
  18 hornets
  2 hippogriffs (shapeshifter)
  11 bog bodies
  A fire dragon zombie (Crypt:3)
  A vampire (D:11)
  A black mamba zombie (Crypt:2)
  Sigmund (D:3)
  30 tarantellas
  A spriggan (shapeshifter) (Depths:3)
  9 flying skulls (Crypt:2)
  4 shadows
  A fire dragon skeleton (Crypt:1)
  52 redbacks
  4 air elementals
  7 fire elementals
  9 wraiths
  53 yaks
  A spriggan simulacrum (Depths:3)
  5 spriggans
  8 water elementals
  A wyvern (shapeshifter) (D:14)
  A dire elephant simulacrum (Crypt:1)
  An ushabti (Crypt:3)
  3 wyverns
  5 tyrant leech zombies (Swamp:2)
  A hog (Spider:1)
  4 humans (Spider:1)
  A human (shapeshifter) (Vaults:1)
  3 fire bats (Lair:6)
  11 golden eyes
  2 basilisks
  2 steam dragons (Lair:6)
  4 hungry ghosts
  18 vampire mosquitoes
  6 wargs
  12 insubstantial wisps
  A soldier ant (shapeshifter) (D:14)
  14 swamp worms
  15 water moccasins
  6 acid dragons
  4 spiny frog zombies (Swamp:2)
  13 porcupines
  A water nymph skeleton (Crypt:1)
  2 floating eyes
  23 swamp drakes
  A swamp drake (shapeshifter) (Depths:3)
  A dream sheep zombie (Crypt:2)
  39 orc warriors
  6 sky beasts
  A black bear (shapeshifter) (D:15)
  2 black bears
  7 ice beasts
  13 necrophages
  4 phantoms
  5 boggarts
  A swamp dragon zombie (Crypt:3)
  An eye of draining (Slime:3)
  36 wolves
  22 ogres
  14 crocodiles
  29 centaurs
  3 big kobolds
  15 bullfrogs
  Blork the orc (D:4)
  2 wyvern zombies
  6 earth elementals
  A gnoll sergeant (D:9)
  10 wyvern skeletons
  4 scorpions
  A spriggan zombie (Swamp:2)
  A yak zombie (Crypt:1)
  5 killer bees
  14 wights
  2 howler monkeys
  5 electric eels
  2 bullfrog zombies
  7 crimson imps
  2 quasits
  A lava snake (D:12)
  6 centaur skeletons
  A wyvern simulacrum (D:10)
  4 hounds
  3 jellies
  28 orc priests
  7 bullfrog skeletons
  An iguana (Lair:6)
  37 orc wizards
  14 worker ants
  A troll simulacrum (Crypt:1)
  2 big kobold zombies (Crypt:2)
  2 hound zombies
  A naga skeleton (Crypt:1)
  3 hound skeletons
  A worker ant zombie (Crypt:2)
  A howler monkey zombie (D:10)
  17 gnolls
  16 adders
  A hound simulacrum (D:10)
  2 shadow imps
  5 white imps
  4 oozes
  A lava snake skeleton (Crypt:1)
  4 worms
  An adder skeleton (D:5)
  A dart slug (D:1)
  8 leopard geckos
  130 orcs
  11 bats
  11 giant cockroaches
  A goblin (D:3)
  15 hobgoblins
  8 jackals
  7 quokkas
  4 ball pythons
  A ball python skeleton (D:5)
  7 frilled lizards
  A jackal skeleton (D:6)
  19 kobolds
  A kobold zombie (Crypt:3)
  A leopard gecko zombie (D:5)
  A quokka skeleton (D:4)
  3 rats (D:1)
  2 fungi (Lair:6)
  A withered plant (Crypt:3)
2166 creatures vanquished.

Vanquished Creatures (collateral kills)
  the Royal Jelly (Slime:5)
  A juggernaut (Depths:3)
  Frederick (Depths:4)
  Margery (Vaults:4)
  Nikola (Vaults:1)
  A golden dragon (Depths:5)
  the Enchantress (Depths:4)
  3 bone dragons
  2 deep elf blademasters (Elf:3)
  A quicksilver dragon (Depths:4)
  17 acid blobs
  5 thorn hunters
  2 fire giants
  2 tengu reavers
  6 azure jellies
  The ghost of Nattfarinn the Convoker, an adept TeSu of Sif Muna (Vaults:2)
  6 deep elf sorcerers
  4 frost giants
  2 vault wardens (Vaults:4)
  An iron dragon (Depths:4)
  2 deep elf elementalists (Elf:3)
  2 spriggan defenders
  2 very ugly things (Vaults:4)
  4 deep elf demonologists (Elf:3)
  3 ironheart preservers (Vaults:4)
  10 vampire knights
  A spark wasp (Depths:1)
  7 deep elf annihilators
  6 eidola
  A white draconian (Depths:5)
  2 deep elf death magi (Elf:3)
  A mummy priest (Crypt:3)
  A crystal guardian (Vaults:4)
  8 death oozes
  3 jiangshi (Crypt:2)
  4 deep elf high priests
  6 great orbs of eyes
  An ice dragon (Depths:2)
  3 spriggan air magi (Depths:4)
  4 hydras
  2 vault guards
  3 rakshasas
  A shambling mangrove (Swamp:4)
  A death knight (Vaults:2)
  8 ogre magi
  2 two-headed ogres
  2 alligators
  2 deep troll shamans
  5 deep troll earth magi
  3 vampire magi
  A tengu warrior (Depths:2)
  A hell knight (Vaults:4)
  2 spriggan berserkers (Depths:4)
  14 spriggans
  A deep elf knight (Elf:1)
  2 shadow wraiths
  A skeletal warrior (Crypt:3)
  2 flayed ghosts
  3 deep trolls (Depths:1)
  3 spriggan druids
  A glowing orange brain (Depths:4)
  4 swamp dragons (Swamp:4)
  14 phantasmal warriors
  4 spectral hydras (Swamp:2)
  2 ironbrand convokers (Vaults:4)
  A deep elf archer (Vaults:3)
  6 orc knights
  A vault sentinel (Vaults:4)
  A necromancer (Swamp:2)
  7 shining eyes
  3 orc sorcerers
  2 deep elf magi
  2 ugly things (Vaults:4)
  An eye of devastation (Slime:5)
  2 smoke demons (Hell)
  A rime drake (shapeshifter) (Depths:2)
  A spiny frog (Swamp:3)
  4 yaktaurs
  A freezing wraith (Crypt:3)
  2 tengu conjurers
  2 tyrant leeches
  A red devil (Hell)
  A bog body (Swamp:2)
  16 hornets
  A dream sheep (shapeshifter) (Elf:1)
  2 spectral swamp dragons (Swamp:2)
  25 slime creatures
  An air elemental (Elf:1)
  A shadow (Crypt:3)
  An ushabti (Crypt:3)
  A flying skull (Crypt:2)
  A wraith (Crypt:3)
  A fire elemental (Elf:1)
  A human (shapeshifter) (Vaults:1)
  3 golden eyes (Slime:5)
  A swamp worm (Swamp:2)
  2 wargs (Vaults:2)
  4 insubstantial wisps
  A floating eye (Depths:4)
  3 orc warriors (Vaults:4)
  2 swamp drakes (Swamp:4)
  5 eyes of draining
  A necrophage (Crypt:3)
  9 ogres
  A wyvern skeleton (Crypt:3)
  2 crimson imps (Hell)
  2 orc priests
  An iron imp (Hell)
  An orc wizard (Vaults:4)
  A mummy (Crypt:3)
  15 orcs
  A briar patch (Swamp:3)
359 creatures vanquished.

Vanquished Creatures (others)
  An eldritch tentacle (Vaults:2)
  A deep elf elementalist (Elf:3)
  A very ugly thing (Vaults:4)
  A stone giant (Depths:4)
  A deep elf demonologist (Elf:3)
  2 ogre magi
  A yaktaur captain (Vaults:2)
  A deep elf high priest (Elf:3)
  A vault guard (Vaults:4)
  A deep troll shaman (Depths:1)
  A dancing weapon (D:15)
  3 two-headed ogres
  2 deep trolls
  A deep elf knight (Elf:1)
  A deep elf archer (Elf:1)
  4 deep elf magi
  An orc knight (Vaults:3)
  4 yaktaurs
  A spriggan (shapeshifter) (Vaults:1)
  2 orc warriors (Vaults:2)
  2 ogres
  A centaur (D:15)
  A wolf (IceCv)
  2 orc wizards
  2 orcs
  7 briar patches
  A bush (Lair:6)
  10 fungi
  26 plants
  18 withered plants
101 creatures vanquished.

Grand Total: 2626 creatures vanquished

Notes
Turn   | Place    | Note
-------+----------+-------------------------------------------
     0 | D:1      | LSt the Felid Enchanter began the quest for the Orb.
     0 | D:1      | Reached XP level 1. HP: 7/7 MP: 4/4
   163 | D:1      | Reached skill level 5 in Hexes
   705 | D:1      | Reached XP level 2. HP: 7/11 MP: 4/6
   709 | D:1      | Learned a level 2 spell: Ensorcelled Hibernation
  1546 | D:2      | Reached XP level 3. HP: 14/14 MP: 7/7
  1576 | D:1      | Learned a level 3 spell: Tukima's Dance
  2702 | D:2      | Found a bloodstained altar of Trog.
  2796 | D:2      | Reached XP level 4. HP: 17/18 MP: 8/8
  3196 | D:3      | Reached skill level 5 in Stealth
  3436 | D:3      | Reached XP level 5. HP: 21/21 MP: 9/9
  3679 | D:3      | Noticed Sigmund
  3833 | D:3      | Found a glowing golden altar of the Shining One.
  4546 | D:3      | Learned a level 3 spell: Confusing Touch
  4757 | D:4      | Noticed an ogre
  4784 | D:4      | Gained mutation: You are covered in thick fur. (AC +2)
                  | [Felid growth]
  4784 | D:4      | Reached XP level 6. HP: 22/25 MP: 11/11
  4851 | D:4      | Found a shattered altar of Ashenzari.
  5032 | D:4      | Reached skill level 1 in Fighting
  5568 | D:4      | Noticed Blork the orc
  5569 | D:5      | Entered Level 5 of the Dungeon
  6066 | D:5      | Reached XP level 7. HP: 28/28 MP: 12/12
  6071 | D:5      | Learned a level 3 spell: Dazzling Flash
  6093 | D:5      | Found a runed translucent door.
  6093 | D:5      | Noticed Elellon's ghost (novice DECj)
  6752 | D:6      | Reached skill level 5 in Dodging
  6862 | D:6      | Reached XP level 8. HP: 29/33 MP: 13/13
  7406 | D:6      | Reached skill level 5 in Unarmed Combat
  7410 | D:6      | Found a shadowy altar of Dithmenos.
  7413 | D:6      | Became a worshipper of Dithmenos the Shadowed
  7429 | D:6      | Found a staircase to the Ecumenical Temple.
  7882 | Temple   | Entered the Ecumenical Temple
  8337 | D:7      | Found Pynu Cux's Gadget Emporium.
  8762 | D:7      | Found a sacrificial altar of Ru.
  9115 | D:7      | Bought a wand of enslavement (7) for 117 gold pieces
  9163 | D:8      | Reached XP level 9. HP: 37/37 MP: 14/14
  9766 | D:8      | Found a hide-covered altar of Uskayaw.
  9826 | D:8      | Reached skill level 10 in Stealth
 10033 | D:8      | Reached * piety under Dithmenos
 10227 | D:8      | Found a faded altar of an unknown god.
 10227 | D:8      | Found an ancient bone altar of Kikubaaqudgha.
 10234 | D:8      | Found an opulent altar of Gozag.
 10236 | D:8      | Found a faded altar of an unknown god.
 10237 | D:8      | Found a radiant altar of Vehumet.
 10729 | D:9      | Noticed a two-headed ogre
 10757 | D:9      | Reached ** piety under Dithmenos
 10821 | D:9      | You fall into a shaft and drop 1 floor!
 10821 | D:10     | Entered Level 10 of the Dungeon
 10857 | D:10     | Reached skill level 1 in Invocations
 10890 | D:10     | Noticed a two-headed ogre
 10923 | D:10     | Noticed a two-headed ogre
 10940 | D:10     | Killed a two-headed ogre
 10940 | D:10     | Reached XP level 10. HP: 42/42 MP: 15/15
 11137 | D:9      | Found Zin's Purification Station.
 11140 | D:9      | Found a glowing silver altar of Zin.
 11302 | D:9      | Killed a two-headed ogre
 11721 | D:10     | Noticed a cyclops
 12086 | D:10     | Found Irchib's Assorted Antiques.
 12189 | D:10     | Reached skill level 10 in Hexes
 12196 | D:10     | Reached *** piety under Dithmenos
 12367 | D:10     | Noticed a gargoyle
 12370 | D:10     | Killed a gargoyle
 12370 | D:10     | Reached skill level 15 in Stealth
 12409 | D:10     | Reached XP level 11. HP: 46/46 MP: 16/16
 12521 | D:10     | Noticed a two-headed ogre
 12609 | D:10     | Reached skill level 10 in Dodging
 12656 | D:10     | Killed a two-headed ogre
 12811 | D:10     | Identified the ring "Pobrochi" {rC+ rN+ Dex+6 Stlth-}
 12949 | D:10     | Killed a two-headed ogre
 13058 | D:10     | Noticed a skeletal warrior
 13089 | D:10     | Killed a skeletal warrior
 13096 | D:10     | Found a burning altar of Makhleb.
 13430 | D:10     | Got a flickering iron ring
 13431 | D:10     | Identified the ring "Ceecum" {rPois rF- Int+5 Dex+3} (You
                  | found it on level 10 of the Dungeon)
 13441 | D:10     | Got a coiled lead ring
 13442 | D:10     | Identified the ring "Gofilach" {AC+4 Int+4} (You found it
                  | on level 10 of the Dungeon)
 13474 | D:10     | Identified the ring of Vaomaf {rElec rF+ Int-2 Dex+4}
 13719 | D:11     | Reached **** piety under Dithmenos
 13837 | D:11     | Found a staircase to the Lair.
 14193 | D:11     | Learned a level 4 spell: Cause Fear
 14282 | D:11     | Noticed a white ugly thing
 14607 | D:11     | Noticed an unseen horror
 14609 | D:11     | Noticed an eight-headed hydra
 14647 | D:11     | Mangled by an eight-headed hydra
 14648 | D:11     | Reached XP level 10. HP: -12/43 MP: 14/24
 14693 | D:11     | Noticed a cyclops
 14867 | D:11     | Killed an eight-headed hydra
 14967 | D:11     | Reached XP level 11. HP: 46/46 MP: 16/16
 15268 | D:11     | Killed an unseen horror
 15324 | D:11     | Killed a white ugly thing
 15324 | D:11     | Reached skill level 5 in Fighting
 15352 | Lair:1   | Entered Level 1 of the Lair of Beasts
 15724 | Lair:1   | Noticed Erica
 15758 | Lair:1   | Killed Erica
 16483 | Lair:2   | Noticed a death yak
 16485 | Lair:2   | Noticed a death yak
 16486 | Lair:2   | Noticed a death yak
 16487 | Lair:2   | Noticed a death yak
 16490 | Lair:2   | Killed a death yak
 16492 | Lair:2   | Killed a death yak
 16494 | Lair:2   | Killed a death yak
 16494 | Lair:2   | Gained mutation: Your thick and shaggy fur keeps you warm.
                  | (AC +3, rC+) [Felid growth]
 16494 | Lair:2   | Reached XP level 12. HP: 52/52 MP: 17/17
 16496 | Lair:2   | Killed a death yak
 16986 | Lair:2   | Reached ***** piety under Dithmenos
 17055 | Lair:2   | Found a hole to the Spider Nest.
 17355 | Lair:2   | Found a shimmering blue altar of Sif Muna.
 17888 | Lair:3   | Noticed Snorg
 17895 | Lair:3   | Noticed Urug
 17897 | Lair:3   | Killed Snorg
 17903 | Lair:3   | Noticed Sonja
 18014 | Lair:3   | Killed Sonja
 18056 | Lair:3   | Killed Urug
 18262 | Lair:4   | Noticed a six-headed hydra
 18740 | Lair:4   | Noticed a seven-headed hydra
 18745 | Lair:4   | Killed a seven-headed hydra
 18745 | Lair:4   | Reached skill level 5 in Spellcasting
 18769 | Lair:4   | Learned a level 4 spell: Leda's Liquefaction
 19095 | Lair:4   | Killed a six-headed hydra
 19229 | Lair:4   | Reached XP level 13. HP: 45/55 MP: 18/23
 19271 | Lair:4   | Found the +3 giant club "Skullcrusher" {speed, Str+7}
 19567 | Lair:4   | Learned a level 5 spell: Silence
 19601 | Lair:4   | Found a staircase to the Swamp.
 19762 | Lair:5   | Reached skill level 1 in Air Magic
 20822 | Lair:4   | Reached skill level 10 in Unarmed Combat
 21757 | Lair:4   | Found a staircase to the Swamp.
 22932 | Lair:6   | Entered Level 6 of the Lair of Beasts
 23013 | Lair:6   | Found a staircase to the Slime Pits.
 23014 | Lair:6   | Found a viscous altar of Jiyva.
 23160 | Lair:6   | Reached skill level 15 in Hexes
 24632 | Lair:6   | Reached XP level 14. HP: 61/61 MP: 21/25
 25150 | Lair:6   | Slain by a black mamba
 25151 | Lair:6   | Reached XP level 13. HP: -4/58 MP: 21/24
 25158 | Lair:6   | Noticed a fire dragon
 25806 | Lair:6   | Noticed a dire elephant
 25817 | Lair:6   | Killed a dire elephant
 26345 | D:12     | Found a snail-covered altar of Cheibriados.
 26361 | D:12     | Reached ****** piety under Dithmenos
 26744 | D:12     | Found a roughly hewn altar of Beogh.
 26744 | D:12     | Found a staircase to the Orcish Mines.
 26898 | D:12     | Found a shimmering blue altar of Sif Muna.
 26963 | D:12     | You fall into a shaft and drop 2 floors!
 27312 | D:14     | Found a frozen archway.
 27460 | IceCv    | Entered an ice cave
 27939 | IceCv    | Reached XP level 14. HP: 41/63 MP: 18/25
 28832 | IceCv    | Noticed a frost giant
 28871 | IceCv    | Killed a frost giant
 29272 | D:14     | Found the +0 staff of Battle
 29640 | D:14     | Found a gate to the Vaults.
 30079 | D:13     | You fall into a shaft and drop 2 floors!
 30079 | D:15     | Entered Level 15 of the Dungeon
 30154 | D:15     | Found Vugia's Antique Armour Shoppe.
 30427 | D:15     | Found a shimmering altar of Xom.
 30429 | D:15     | Found a white marble altar of Elyvilon.
 30429 | D:15     | Found a blossoming altar of Fedhas.
 30431 | D:15     | Found a glowing silver altar of Zin.
 30431 | D:15     | Found a hazy altar of Hepliaklqana.
 30431 | D:15     | Found a bloodstained altar of Trog.
 31211 | D:13     | Learned a level 6 spell: Invisibility
 31776 | D:12     | Found a radiant altar of Vehumet.
 32668 | D:13     | Reached skill level 10 in Fighting
 33396 | D:15     | Reached XP level 15. HP: 69/69 MP: 23/29
 33571 | D:15     | Found a staircase to the Depths.
 34664 | D:5      | Killed Elellon's ghost
 34732 | D:4      | Killed Blork the orc
 34884 | D:3      | Killed Sigmund
 35412 | Orc:1    | Entered Level 1 of the Orcish Mines
 35452 | Orc:1    | Reached skill level 15 in Dodging
 36492 | Orc:2    | Entered Level 2 of the Orcish Mines
 36921 | Orc:2    | Found a staircase to the Elven Halls.
 36937 | Orc:2    | Found a roughly hewn altar of Beogh.
 38016 | Orc:2    | Found Tetsa's Armour Emporium.
 38016 | Orc:2    | Found Yrat Rul's Antique Weapon Emporium.
 38042 | Orc:2    | Found Daoxun's General Store.
 38043 | Orc:2    | Found Sagitw Radye's Assorted Antiques.
 38508 | Spider:1 | Entered Level 1 of the Spider Nest
 39006 | Spider:1 | Noticed Kirke
 39183 | Spider:1 | Killed Kirke
 39425 | Spider:1 | Slain by an entropy weaver
 39426 | Spider:1 | Reached XP level 14. HP: 0/66 MP: 14/28
 39463 | Spider:1 | Killed an entropy weaver
 39816 | Spider:1 | Noticed Donald
 39826 | Spider:1 | Killed Donald
 40279 | Spider:2 | Noticed an emperor scorpion
 40591 | Spider:1 | Killed an emperor scorpion
 40722 | Spider:2 | Noticed an entropy weaver
 40911 | Spider:2 | Noticed an emperor scorpion
 40922 | Spider:2 | Killed an entropy weaver
 40934 | Spider:2 | Killed an emperor scorpion
 41112 | Spider:2 | Reached XP level 15. HP: 69/69 MP: 29/29
 44816 | Spider:4 | Entered Level 4 of the Spider Nest
 45018 | Spider:4 | Noticed a ghost moth
 45027 | Spider:4 | Killed a ghost moth
 46308 | Spider:4 | Noticed a ghost moth
 46317 | Spider:4 | Killed a ghost moth
 46355 | Spider:4 | Reached XP level 16. HP: 73/73 MP: 26/30
 46678 | Spider:4 | Reached skill level 10 in Spellcasting
 47237 | Spider:4 | Got a gossamer rune of Zot
 47292 | Spider:4 | Learned a level 8 spell: Discord
 47769 | Vaults:1 | Entered Level 1 of the Vaults
 48366 | Vaults:1 | Found Icuxaphae's Book Emporium.
 49683 | Vaults:1 | Noticed Nikola
 49705 | Vaults:1 | Killed Nikola
 51259 | Vaults:2 | Reached XP level 17. HP: 76/76 MP: 33/33
 51474 | Vaults:2 | Found a staircase to the Crypt.
 51749 | Vaults:2 | Found a runed translucent door.
 51749 | Vaults:2 | Found a shimmering altar of Xom.
 51749 | Vaults:2 | Noticed Nattfarinn's ghost (adept TeSu)
 51828 | Vaults:2 | Learned a level 4 spell: Summon Ice Beast
 52018 | Vaults:2 | Reached skill level 1 in Summonings
 52018 | Vaults:2 | Reached skill level 1 in Ice Magic
 52345 | Vaults:2 | Reached skill level 2 in Summonings
 52375 | Vaults:2 | Reached skill level 3 in Summonings
 53238 | Vaults:2 | Found Azauruo's Food Shoppe.
 53261 | Vaults:2 | Reached skill level 4 in Summonings
 54611 | Lair:6   | Reached skill level 5 in Summonings
 55129 | Swamp:1  | Entered Level 1 of the Swamp
 55173 | Swamp:1  | Reached skill level 6 in Summonings
 55582 | Elf:1    | Entered Level 1 of the Elven Halls
 55622 | Elf:1    | Noticed Frances
 55623 | Elf:1    | Gained mutation: Your skin changes colour to match your
                  | surroundings (Stealth+). [mutagenic glow]
 55626 | Elf:1    | Found Hizu's Antique Weapon Boutique.
 55627 | Elf:1    | Found Otuxt's Weapon Boutique.
 55627 | Elf:1    | Found Kaugodou's Antique Armour Shop.
 55628 | Elf:1    | Found Buadoash's Armour Shop.
 55851 | Elf:1    | Learned a level 2 spell: Passwall
 56210 | Elf:1    | Reached skill level 1 in Transmutations
 56214 | Elf:1    | Reached skill level 1 in Earth Magic
 56523 | Elf:1    | Killed Frances
 56811 | Elf:1    | Identified the +4 lajatang "Ruiqigek" {drain, Int+3}
 56823 | Elf:1    | Reached skill level 7 in Summonings
 57369 | Elf:1    | Found a radiant altar of Vehumet.
 57823 | Elf:1    | Reached skill level 8 in Summonings
 57993 | Elf:1    | Found Padun Xeu's Gadget Shop.
 58020 | Elf:1    | Identified the Almanac of Combed Thunderclap
 58028 | Elf:1    | Identified Ts'ui Pên's Compendium of Forking Paths
 58200 | Vaults:1 | Bought a book of Minor Magic for 320 gold pieces
 58203 | Vaults:1 | Learned a level 2 spell: Blink
 58373 | Vaults:2 | Reached skill level 1 in Translocations
 58755 | Vaults:2 | Mangled by a mana viper
 58756 | Vaults:2 | Reached XP level 16. HP: -10/109 MP: 15/33
 59392 | Vaults:3 | Noticed Aizul
 59824 | Vaults:3 | Reached skill level 9 in Summonings
 60533 | Elf:1    | Identified Weevi's Handbook of Plaster Cramp
 61010 | Elf:2    | Reached XP level 17. HP: 76/76 MP: 30/34
 61128 | Elf:2    | Found a huge runed translucent gate.
 61128 | Elf:2    | Found a huge runed translucent gate.
 61128 | Elf:2    | Found a huge runed translucent gate.
 61128 | Elf:2    | Found a huge runed translucent gate.
 61130 | Elf:2    | Found a huge runed translucent gate.
 61618 | Elf:2    | Found a radiant altar of Vehumet.
 63818 | Elf:3    | Entered Level 3 of the Elven Halls
 63818 | Elf:3    | Found Qijuafe's Distillery.
 64191 | Elf:3    | Reached skill level 10 in Summonings
 65801 | Elf:3    | Found Gedyunil's Antique Armour Boutique.
 66189 | Elf:3    | Reached XP level 18. HP: 76/82 MP: 30/35
 66362 | Elf:2    | Learned a level 6 spell: Shadow Creatures
 66903 | Swamp:1  | Reached skill level 11 in Summonings
 69899 | Swamp:2  | Reached skill level 12 in Summonings
 70101 | Swamp:2  | Found a runed translucent door.
 70111 | Swamp:2  | Noticed dricus's ghost (adept KoBe)
 71500 | Swamp:2  | Killed dricus's ghost
 71783 | Swamp:3  | Found a stormy altar of Qazlal.
 71799 | Swamp:3  | Reached skill level 13 in Summonings
 72955 | Swamp:3  | Found a transporter.
 73180 | Swamp:3  | Found a transporter.
 73454 | Swamp:4  | Entered Level 4 of the Swamp
 73940 | Swamp:4  | Reached skill level 14 in Summonings
 76681 | Swamp:4  | Reached skill level 15 in Summonings
 76710 | Swamp:4  | Got a decaying rune of Zot
 76995 | Swamp:3  | Reached XP level 19. HP: 85/85 MP: 36/36
 77470 | Swamp:3  | Got a scintillating lead ring
 77473 | Swamp:3  | Identified the ring "Cetraeps" {rC+ Str+2 Int+4 Dex-2} (You
                  | found it on level 3 of the Swamp)
 80434 | Elf:3    | Identified the +1 scale mail "Enkibac" {SInv}
 82110 | Elf:3    | Identified the Incunabulum of Talismans and Execration
 82155 | Elf:3    | Found the +0 pair of fencer's gloves {Riposte Dex+3}
 82164 | Elf:3    | Identified the ring "Coseukk" {Ice *Contam rN+ Dex+10} (You
                  | found it on level 3 of the Elven Halls)
 82764 | Vaults:2 | Killed Nattfarinn's ghost
 82961 | Vaults:3 | Found Jevucor's Food Emporium.
 83013 | Vaults:3 | Noticed Xtahua
 83014 | Vaults:3 | Killed Xtahua
 83135 | Vaults:3 | Found Eneq's Assorted Antiques.
 83140 | Vaults:3 | Reached skill level 16 in Summonings
 83209 | Vaults:3 | Found Jucon's Gadget Shop.
 83240 | Vaults:3 | Killed Aizul
 83931 | Vaults:3 | Found Netag's General Store.
 84996 | Vaults:3 | Found Jevucor's Food Emporium.
 85038 | Vaults:3 | Found Netag's General Store.
 85224 | Vaults:3 | Found Eneq's Assorted Antiques.
 85344 | Vaults:3 | Found Jucon's Gadget Shop.
 85889 | Vaults:4 | Reached skill level 17 in Summonings
 86176 | Vaults:4 | Noticed Margery
 86562 | Vaults:4 | Killed Margery
 87709 | Vaults:4 | Reached skill level 18 in Summonings
 87731 | Vaults:4 | Reached XP level 20. HP: 39/90 MP: 9/37
 89939 | Vaults:4 | Reached skill level 19 in Summonings
 90527 | Depths:1 | Entered Level 1 of the Depths
 90705 | Depths:1 | Found a gateway to Hell.
 92376 | Depths:2 | Noticed Sojobo
 92377 | Depths:2 | Found Ickobbetz's Assorted Antiques.
 92378 | Depths:2 | Killed Sojobo
 92442 | Depths:2 | Reached skill level 20 in Summonings
 94055 | Depths:2 | Found a one-way gate leading to the halls of Pandemonium.
 94204 | Depths:2 | Reached XP level 21. HP: 93/93 MP: 32/38
 94210 | Depths:2 | Noticed Asterion
 94212 | Depths:2 | Killed Asterion
 94488 | Depths:2 | Reached skill level 21 in Summonings
 95139 | Depths:2 | Identified the Handbook of Battle Magic and Stolen Souls
 95477 | Depths:2 | Found Ickobbetz's Assorted Antiques.
 95952 | Depths:3 | Identified a scroll of acquirement
 95953 | Depths:3 | Identified Irehuk's Grimoire of Calling and Confrontation
                  | (You acquired it on level 3 of the Depths)
 95953 | Depths:3 | Identified the ring "Orchai" {+Fly rPois} (You acquired it
                  | on level 3 of the Depths)
 96825 | Depths:3 | Noticed a caustic shrike
 97235 | Depths:3 | Noticed a caustic shrike
 97243 | Depths:3 | Killed a caustic shrike
 97410 | Depths:3 | Reached skill level 22 in Summonings
 98803 | Depths:3 | Noticed a juggernaut
 98850 | Depths:3 | Upgraded the game from 0.25-a0-435-g4b9beb1024 to
                  | 0.25-a0-443-gece2dee8bd
 98886 | Depths:4 | Found a gateway to a ziggurat.
101375 | Depths:4 | Reached skill level 23 in Summonings
101643 | Depths:4 | Identified the +2 leather armour of Cifyitzu {Regen+ Int+3}
101652 | Depths:4 | Reached XP level 22. HP: 77/97 MP: 39/39
101653 | Depths:4 | Noticed the Enchantress
102028 | Depths:4 | Noticed Frederick
102039 | Depths:4 | Killed Frederick
102746 | Depths:3 | Learned a level 5 spell: Yara's Violent Unravelling
103273 | Depths:4 | Found a one-way gate to the infinite horrors of the Abyss.
104913 | Depths:4 | Killed the Enchantress
105252 | Depths:3 | Killed a juggernaut
105389 | Depths:3 | Killed a caustic shrike
105869 | Crypt:1  | Entered Level 1 of the Crypt
105869 | Crypt:1  | Found a large runed translucent door.
105869 | Crypt:1  | Found a large runed translucent door.
105873 | Crypt:1  | Noticed Ywuol's ghost (veteran GrFi)
106202 | Crypt:1  | Found the +9 heavy crossbow "Sniper" {vorpal, Acc+∞ SInv}
107060 | Depths:5 | Entered Level 5 of the Depths
107118 | Depths:5 | Reached skill level 24 in Summonings
108663 | Depths:5 | Noticed a golden dragon
108665 | Depths:5 | Killed a golden dragon
108871 | Depths:5 | Noticed a golden dragon
109172 | Depths:5 | Killed a golden dragon
109661 | Depths:5 | Noticed a golden dragon
109662 | Depths:5 | Found a gate to the Realm of Zot.
109663 | Depths:5 | Killed a golden dragon
110603 | Slime:1  | Entered Level 1 of the Pits of Slime
111804 | Lair:6   | Reached skill level 25 in Summonings
112287 | Lair:6   | Learned a level 4 spell: Leda's Liquefaction
112647 | Slime:3  | Reached XP level 23. HP: 101/101 MP: 40/40
113648 | Slime:5  | Entered Level 5 of the Pits of Slime
115711 | Crypt:1  | Identified the +4 mace of Femayrurph {speed, rC+}
116020 | Crypt:1  | Killed Ywuol's ghost
116026 | Crypt:1  | Identified the ring of Vehumet's Hope {Fire +Fly MR- Str+8
                  | Stlth-} (You found it on level 1 of the Crypt)
116439 | Crypt:1  | Learned a level 5 spell: Aura of Abjuration
116904 | Crypt:2  | Reached skill level 26 in Summonings
118489 | Crypt:3  | Entered Level 3 of the Crypt
118618 | Crypt:3  | Noticed Saint Roka
118626 | Crypt:3  | Killed Saint Roka
119443 | Crypt:3  | Found a staircase to the Tomb.
120188 | Crypt:3  | Mangled by a phantasmal warrior
120189 | Crypt:3  | Reached XP level 22. HP: -11/95 MP: 18/39
121260 | Crypt:3  | Found a basalt altar of Yredelemnul.
122319 | Crypt:3  | Found the cursed +13 scythe of Curses {drain, *Curse}
123197 | Crypt:2  | Learned a level 9 spell: Dragon's Call
123887 | Slime:5  | Reached skill level 27 in Summonings
124150 | Slime:5  | HP: 1/97 [acid (6)]
124458 | Slime:5  | Found a viscous altar of Jiyva.
124458 | Slime:5  | Noticed the Royal Jelly
124497 | Slime:5  | Gained mutation: Your body sometimes deteriorates upon
                  | taking damage. [a shining eye]
124502 | Slime:5  | Gained mutation: You do not regenerate when monsters are
                  | visible. [a shining eye]
124822 | Slime:5  | Reached XP level 23. HP: 102/102 MP: 11/40
124957 | Slime:5  | Found the ring of Shadows {Umbra +Inv Stlth+}
124992 | Slime:5  | Killed the Royal Jelly
124999 | Slime:5  | Mangled by an azure jelly
125000 | Slime:5  | Reached XP level 22. HP: -7/99 MP: 11/39
125116 | Slime:5  | Identified the Papyrus of Icy Stones
125141 | Slime:5  | Got a slimy rune of Zot
125288 | Slime:4  | Learned a level 8 spell: Discord
125971 | Hell     | Entered the Vestibule of Hell
125984 | Hell     | Noticed Geryon
126164 | Hell     | Mangled by a reaper

Levels and vault maps discovered:
D:1:      ncdulo_halloftheorcs, layout_basic
D:2:      layout_rooms, marbit_many_paths, first_ration, chequers_jeans
D:3:      minmay_chambers_of_twos, layout_rooms, lemuel_coloured_pillars_altar,
          serial_curves, eino_curves_03, eino_curves_01, uniq_sigmund
D:4:      kennysheep_big_flooded_room, layout_basic, evilmike_ruin_ashenzari,
          uniq_blork_the_orc
D:5:      layout_loops_corners, gammafunk_ghost_grave
D:6:      layout_loops_ring, lemuel_doored_altar,
          minmay_temple_entry_gardened_gates
D:7:      layout_loops_cross, hangedman_ru_absence, serial_shops,
          nicolae_shop_stone
D:8:      layout_loops_ring, chequers_temple_overflow_minitemple,
          kennysheep_little_box
D:9:      layout_roguey, zin_purify
D:10:     minmay_the_grid_triangle_9x9_recursive_2
          [minmay_the_grid_triangle_9x9_prize_special,
          minmay_the_grid_triangle_9x9_alien,
          minmay_the_grid_triangle_9x9_skeleton,
          minmay_the_grid_triangle_9x9_shrine], layout_cave_pods, serial_shops,
          nicolae_shop_overgrown_old_shop, serial_ice, serial_ice_o,
          serial_ice_l, serial_ice_n, serial_ice_h, serial_ice_g, serial_ice_a,
          nrook_mini_backslash
D:11:     layout_small_grid, david_lair_shrubbed
D:12:     layout_cave_pools, david_orc_5, basic_altar, kennysheep_flooded_box,
          blue_anna_alchemist [blue_anna_fruit_fields, blue_anna_fruit_fields],
          lemuel_centaur_altar
D:13:     layout_long_grid
D:14:     minmay_blocky_corners, layout_basic, david_vaults_4,
          portal_ice_cave_demonic_guard, wad_floor_pattern_2,
          kennysheep_generic_room_11
D:15:     grunt_enter_depths_hoard, layout_cave_pools, serial_shops, shop,
          roderic_lattice_a, doesnt_xom_only_xom
Temple:   nicolae_temple_x_marks_the_god
Lair:1:   layout_gridlike, grunt_megastairs_5, serial_bayou_shore_a, uniq_erica
Lair:2:   layout_cave_shapes, nicolae_spider_entry_non_spiders, basic_altar,
          grunt_megastairs_3
Lair:3:   layout_misc_corridors, uniq_snorg, uniq_sonja, uniq_urug
Lair:4:   dragon1_lemuel, layout_gridlike, swamp_mist_pool, grunt_megastairs_4,
          lemuel_fruit_tree
Lair:5:   layout_cave_pods, chequers_serial_rivers_large_a,
          chequers_serial_rivers_small_a
Lair:6:   hangedman_lair_in_review, layout_gridlike, guppyfry_lair_end_dragon,
          slime_altar_1, serial_forest, infiniplex_forest_lined_corner,
          infiniplex_forest_clump_small, infiniplex_forest_lined_ring,
          infiniplex_forest_straight_4, infiniplex_forest_end_2,
          infiniplex_forest_side_room, infiniplex_forest_clump_curved
Swamp:1:  layout_falls_marsh, infiniplex_staircase_pool, swamp_pool1
Swamp:2:  cheibrodos_swamp_mausoleum, layout_basic_swamp,
          ebering_ghost_reflecting_pool, evilmike_swamp_ruin_house_1
Swamp:3:  gammafunk_the_bubble [the_bubble_gammafunk_grid], layout_falls_marsh,
          basic_altar, hangedman_swamp_dais
Swamp:4:  swamp, layout_basic_swamp
Spider:1: layout_spider_delve, uniq_kirke, uniq_donald
Spider:2: layout_spider_delve
Spider:3: layout_spider_delve
Spider:4: grunt_spider_rune_island, drop_trap
Slime:1:  layout_caves, nicolae_slime_barrier
Slime:2:  layout_caves, basic_altar
Slime:3:  layout_caves, nicolae_slime_round_cave
Slime:4:  layout_caves
Slime:5
Orc:1:    layout_caves
Orc:2:    st_orc_mages, layout_diamond_mine, lemuel_statue_altar
Elf:1:    layout_rooms, serial_shops, shop, basic_altar,
          hangedman_corner_corridor, bh_hangedman_babel_library,
          minmay_shoptagon, uniq_frances
Elf:2:    layout_geoelf_grid, basic_altar, st_stairs_11
Elf:3:    minmay_elf_hall_x, layout_geoelf_octagon, serial_shops,
          nicolae_shop_stone, shop, onia_ninara_cookie,
          roderic_lattice_octagonal_star
Vaults:1: vaults_dpeg_encased_lava, v_misc_29, ontoclasm_vaults_ring_square,
          st_hourglassy, hangedman_vaults_maws, v_misc_24, v_misc_3, v_misc_27,
          layout_vaults_quadrants, serial_shops, nicolae_shop_statue_plus,
          uniq_nikola
Vaults:2: ebering_vaults_ghost_xom, ontoclasm_vaults_bender,
          ontoclasm_vaults_idyll, v_alt_pattern_4, hangedman_vaults_corner,
          nicolae_vaults_fighting_squares, hangedman_vaults_stretched_pinwheel,
          nicolae_vaults_network_barrier, vaults_room_corners,
          nicolae_vaults_asterisk, vaults_room_door_ring,
          nicolae_vaults_angled_halls, layout_vaults_omnibox, serial_shops,
          shop_fountains
Vaults:3: nicolae_vaults_holding_cells, nicolae_vaults_alarming,
          vaults_mumra_minichess_inversion, nicolae_vaults_little_squares_5,
          vaults_room_stairs_pillars, nicolae_vaults_hallways_thing,
          hangedman_vaults_cutoff, ontoclasm_vaults_fault,
          vaults_standard_mumra_lines, v_misc_23, vaults_room_pool,
          layout_vaults_chaotic_city, serial_shops, shop_statue, shop_fountains,
          shop, nicolae_shop_overgrown_old_shop, uniq_xtahua, uniq_aizul
Vaults:4: vaults_room_octagon, v_misc_24, vaults_room_pools, v_misc_15,
          v_alt_pattern_2, nicolae_vaults_little_ls,
          nicolae_vaults_network_periphery, hangedman_vaults_hat, v_misc_33,
          vaults_room_hangedman_quadrants, v_pattern_5, vaults_mumra_hex,
          v_misc_19, layout_vaults_big_cross, uniq_margery
Crypt:1:  layout_regular_city, ebering_ghost_disaster_area
Crypt:2:  layout_chaotic_city, st_stairs_9
Crypt:3:  evilmike_haunted_forest, uniq_saint_roka
Depths:1: layout_cave_pools, kennysheep_small_spiral, hell_entry,
          kennysheep_generic_room_4
Depths:2: kennysheep_green_arena, layout_twisted_cross, pan_entry,
          minmay_misc_feat_ornament, serial_shops,
          nicolae_shop_overgrown_old_shop, hell_entry, hangedman_decor_lopped,
          minmay_staircase_statues, uniq_sojobo, uniq_asterion
Depths:3: wad_arrow_thing, layout_gridville, grunt_hell_entry_dis_grunt,
          rand_demon_pan_entry_4, minmay_tree_intersection, wad_mini_maze
Depths:4: minmay_imperfect_grid, layout_gridlike, enter_ziggurat_c,
          abyss_entry_small_statue_room, minmay_holes, hell_entry,
          uniq_frederick, uniq_enchantress
Depths:5: grunt_zot_entry_gee_three, layout_honeycomb, nicolae_water_bricks,
          hell_entry
Hell

Skill      XL: |  1  2  3  4  5  6  7  8  9 10 11 12 13 14 15 16 17 18 19 20 21 22 23 |
---------------+----------------------------------------------------------------------+-----
Hexes          | 5 6 7 9 11 12 13 15 18 22 23 | 23.6
Unarmed Combat | 2 3 4 5 6 9 11 12 | 12.8
Stealth        | 5 6 7 9 13 15 17 18 19 20 21 | 21.7
Spellcasting   | 3 6 7 9 11 12 | 12.3
Fighting       | 1 2 3 4 6 8 10 11 | 11.7
Dodging        | 4 5 7 8 9 11 13 14 15 16 | 16.8
Invocations    | 3 4 |  4.0
Air Magic      | 1 |  1.2
Summonings     | 9 10 15 18 20 23 27 26 | 27.0
Ice Magic      | 1 |  1.0
Transmutations | 2 |  2.0
Earth Magic    | 1 |  1.0
Translocations | 2 1 |  2.6

Action                   |  1- 3 |  4- 6 |  7- 9 | 10-12 | 13-15 | 16-18 | 19-21 | 22-24 || total
-------------------------+-------+-------+-------+-------+-------+-------+-------+-------++-------
Melee: Unarmed           |   108 |   123 |   211 |   412 |  1336 |   930 |   658 |   820 ||  4598
       Bite              |     7 |    12 |     8 |    32 |   126 |    56 |    55 |   100 ||   396
       Punch             |       |     1 |     2 |    15 |    55 |    29 |    32 |    57 ||   191
 Cast: Corona            |    17 |    13 |    16 |    33 |    66 |    33 |     9 |    31 ||   218
       Ensorcelled Hiber |    23 |    62 |    81 |   198 |   263 |   149 |    94 |    83 ||   953
       Confusing Touch   |       |     3 |    23 |    31 |    61 |    23 |    10 |    38 ||   189
       Dazzling Flash    |       |       |     1 |       |    73 |       |       |       ||    74
       Cause Fear        |       |       |       |     1 |     3 |     1 |       |       ||     5
       Leda's Liquefacti |       |       |       |       |    21 |     4 |       |       ||    25
       Invisibility      |       |       |       |       |    52 |   100 |    61 |    42 ||   255
       Silence           |       |       |       |       |     2 |     5 |    14 |     5 ||    26
       Tukima's Dance    |       |       |       |       |     1 |       |       |       ||     1
       Summon Ice Beast  |       |       |       |       |       |    63 |       |       ||    63
       Discord           |       |       |       |       |       |    14 |     7 |       ||    21
       Blink             |       |       |       |       |       |     8 |     5 |    23 ||    36
       Shadow Creatures  |       |       |       |       |       |    72 |   227 |   220 ||   519
       Passwall          |       |       |       |       |       |       |     1 |       ||     1
       Dragon's Call     |       |       |       |       |       |       |       |     5 ||     5
       Yara's Violent Un |       |       |       |       |       |       |       |     2 ||     2
       Aura of Abjuratio |       |       |       |       |       |       |       |     1 ||     1
Invok: Shadow Step       |       |       |       |     1 |     4 |    15 |    16 |     7 ||    43
 Abil: Evoke Flight      |       |       |       |       |       |       |       |     1 ||     1
Evoke: Wand              |       |       |       |       |     3 |    26 |       |       ||    29
       Lightning rod     |       |       |       |       |       |     7 |       |       ||     7
       Phial of floods   |       |       |       |       |       |       |       |     1 ||     1
  Use: Scroll            |     1 |     2 |    10 |     7 |    15 |    21 |     7 |    19 ||    82
       Potion            |       |       |       |       |     1 |    17 |       |     3 ||    21
 Stab: Sleeping          |    18 |    45 |    75 |   154 |   382 |   313 |   197 |   165 ||  1349
       Confused          |       |     2 |    20 |    30 |    56 |    19 |    13 |    39 ||   179
       Invisible         |       |       |       |       |   128 |   177 |   109 |   114 ||   528
       Distracted        |       |       |       |       |     5 |     5 |    11 |    17 ||    38
       Fleeing           |       |       |       |       |     1 |       |       |       ||     1
       Paralysed         |       |       |       |       |       |       |     1 |       ||     1
  Eat: Chunk             |    13 |    10 |    15 |    30 |    84 |   115 |   132 |    56 ||   455
       Ration            |       |       |       |       |       |       |     8 |    31 ||    39
Armor: Skin              |     4 |    10 |     7 |     7 |    45 |    20 |    13 |    10 ||   116
Dodge: Dodged            |    86 |    87 |    95 |   333 |  1007 |   759 |   472 |   846 ||  3685

Table legend:
 A = Non-vault XP
 B = Vault XP
 C = Vault XP percentage of total XP
 D = Non-vault monster count
 E = Vault monster count
 F = Vault count percentage of total count
                 A         B        C        D         E       F
            +---------+---------+-------+---------+---------+-------
      Total |  657584 |  488449 |  42.6 |    1692 |     830 |  32.9
            +---------+---------+-------+---------+---------+-------
        D:1 |      28 |       0 |   0.0 |      16 |       0 |   0.0
        D:2 |      87 |       3 |   3.3 |      23 |       1 |   4.2
        D:3 |      98 |     285 |  74.4 |      30 |       9 |  23.1
        D:4 |     237 |     207 |  46.6 |      16 |       2 |  11.1
        D:5 |     529 |     434 |  45.1 |      18 |       1 |   5.3
        D:6 |    1272 |       0 |   0.0 |      39 |       0 |   0.0
        D:7 |     405 |       0 |   0.0 |       9 |       0 |   0.0
        D:8 |    1384 |       0 |   0.0 |      27 |       0 |   0.0
        D:9 |    2738 |     269 |   8.9 |      31 |       3 |   8.8
       D:10 |    4728 |    5462 |  53.6 |      34 |      32 |  48.5
       D:11 |    4949 |     361 |   6.8 |      24 |       1 |   4.0
       D:12 |    4771 |     621 |  11.5 |      22 |      27 |  55.1
       D:13 |    6491 |       0 |   0.0 |      35 |       0 |   0.0
       D:14 |    8596 |    8549 |  49.9 |      29 |      16 |  35.6
       D:15 |   16355 |    1947 |  10.6 |      50 |       2 |   3.8
     Lair:1 |    4315 |    1754 |  28.9 |      18 |       5 |  21.7
     Lair:2 |    6946 |     367 |   5.0 |      26 |       9 |  25.7
     Lair:3 |    2060 |    2740 |  57.1 |      12 |       3 |  20.0
     Lair:4 |   12681 |    1580 |  11.1 |      30 |       6 |  16.7
     Lair:5 |    5963 |       0 |   0.0 |      18 |       0 |   0.0
     Lair:6 |   26220 |   15594 |  37.3 |      74 |      33 |  30.8
    Swamp:1 |   14084 |       0 |   0.0 |      34 |       0 |   0.0
    Swamp:2 |   14161 |   10440 |  42.4 |      47 |      36 |  43.4
    Swamp:3 |   14901 |   10185 |  40.6 |      33 |      19 |  36.5
    Swamp:4 |   15209 |   14578 |  48.9 |      59 |      26 |  30.6
   Spider:1 |    9733 |    4191 |  30.1 |      24 |       3 |  11.1
   Spider:2 |   19663 |       0 |   0.0 |      54 |       0 |   0.0
   Spider:3 |   22157 |       0 |   0.0 |      56 |       0 |   0.0
   Spider:4 |   10975 |   28010 |  71.8 |      25 |      44 |  63.8
    Slime:1 |    2275 |       0 |   0.0 |       5 |       0 |   0.0
    Slime:2 |    2312 |       0 |   0.0 |       3 |       0 |   0.0
    Slime:3 |    9371 |    9314 |  49.8 |      14 |      11 |  44.0
    Slime:4 |    7691 |       0 |   0.0 |      19 |       0 |   0.0
    Slime:5 |   21427 |   17069 |  44.3 |      53 |      11 |  17.2
      Orc:1 |    4149 |       0 |   0.0 |      48 |       0 |   0.0
      Orc:2 |    1690 |    4607 |  73.2 |      30 |      37 |  55.2
      Elf:1 |   12491 |    8331 |  40.0 |      27 |      13 |  32.5
      Elf:2 |   24090 |   26194 |  52.1 |      37 |      35 |  48.6
      Elf:3 |   21047 |   33702 |  61.6 |      34 |      46 |  57.5
   Vaults:1 |   23476 |   11984 |  33.8 |      42 |      18 |  30.0
   Vaults:2 |   23749 |   12219 |  34.0 |      50 |      22 |  30.6
   Vaults:3 |   14523 |   25434 |  63.7 |      36 |      35 |  49.3
   Vaults:4 |   38205 |   39119 |  50.6 |      80 |      57 |  41.6
    Crypt:1 |   14658 |    6114 |  29.4 |      29 |       1 |   3.3
    Crypt:2 |   22018 |    1902 |   8.0 |      47 |       3 |   6.0
    Crypt:3 |       0 |   58663 | 100.0 |       0 |     111 | 100.0
   Depths:1 |   22494 |     549 |   2.4 |      35 |       1 |   2.8
   Depths:2 |   44521 |   28766 |  39.3 |      55 |      22 |  28.6
   Depths:3 |   41900 |   25427 |  37.8 |      44 |      19 |  30.2
   Depths:4 |   35877 |   34570 |  49.1 |      51 |      37 |  42.0
   Depths:5 |   37599 |   22294 |  37.2 |      39 |      14 |  26.4
       Hell |     285 |     672 |  70.2 |       1 |       6 |  85.7
      IceCv |       0 |   13942 | 100.0 |       0 |      53 | 100.0
            +---------+---------+-------+---------+---------+-------
